 Dungeon Crawl Stone Soup version 0.16-a0-1816-g2c93a98 (webtiles) character file.

14 timbw the Caller (level 2, -2/20 HPs)
             Began as a Demigod Summoner on Nov 3, 2014.
             Slain by Gorice's ghost (16 damage)
             ... on level 3 of the Dungeon.
             The game lasted 00:02:34 (628 turns).

timbw the Caller (Demigod Summoner)                  Turns: 628, Time: 00:02:36

Health: -2/20      AC:  2    Str: 11    XL:     2   Next: 18%
Magic:  0/5        EV: 12    Int: 19    God:
Gold:   54         SH:  0    Dex: 16    Spells: 2 memorised, 2 levels left

rFire  . . .     SeeInvis .     i - +0 short sword
rCold  . . .     Clarity  .     a - +0 robe
rNeg   . . .     SustAb   +     (no shield)
rPois  .         Gourm    .     (no helmet)
rElec  .         Spirit   .     (no cloak)
rCorr  .         Warding  .     (no gloves)
rMut   .         Stasis   .     (no boots)
MR     .....                    (no amulet)
Stlth  ++........               (no ring)
                                (no ring)

@: not resistant to hostile enchantments, unstealthy
A: sustain abilities
a: no special abilities


You were on level 3 of the Dungeon.
You were not hungry.

You visited 1 branch of the dungeon, and saw 3 of its levels.

You collected 54 gold pieces.

Inventory:

Hand weapons
 i - a +0 short sword (weapon)
Armour
 a - a +0 robe (worn)
Magical devices
 f - a wand of heal wounds (1)
Scrolls
 d - a scroll of enchant armour {unknown}
 e - a scroll of identify {unknown}
 j - a scroll of blinking
 k - a scroll of enchant weapon {unknown}
Potions
 h - a potion of resistance {unknown}
Books
 b - a book of Callings

   Spells                             Type                      Level
   *Summon Small Mammal               Summoning                    1
   *Call Imp                          Summoning                    2
   Call Canine Familiar               Summoning                    3
   Summon Guardian Golem              Hexes/Summoning              4
   Summon Lightning Spire             Summoning/Air                4
   Summon Ice Beast                   Ice/Summoning                4
Comestibles
 c - 2 bread rations
 g - a meat ration


   Skills:
 - Level 1.7 Dodging
 - Level 1.7 Stealth
 + Level 2.0 Spellcasting
 * Level 4.0 Summonings


You had 2 spell levels left.
You knew the following spells:

 Your Spells              Type           Power        Failure   Level  Hunger
a - Summon Small Mammal   Summ           ###.         3%          1    #......
b - Call Imp              Summ           ###.....     6%          2    ###....


Dungeon Overview and Level Annotations

Branches:
Dungeon (3/15)

Annotations:
D:3 Gorice's ghost, average DsWn; Jessica


Innate Abilities, Weirdness & Mutations

Your attributes are resistant to harm.


Message History

The giant cockroach bites you.
The giant cockroach bites you but does no damage.
Your white imp hits the giant cockroach but does no damage.
You closely miss the giant cockroach. Your bat hits the giant cockroach.
The giant cockroach closely misses you.
Your white imp hits the giant cockroach.
Your white imp freezes the giant cockroach.
The giant cockroach dies!
You hit Gorice's ghost but do no damage.
Your bat hits Gorice's ghost but does no damage.
Your bat hits Gorice's ghost.
Your bat barely misses Gorice's ghost.
Your white imp hits Gorice's ghost.
Your white imp freezes Gorice's ghost.
Gorice's ghost closely misses you.
You closely miss Gorice's ghost.
Gorice's ghost is moderately damaged.
Your bat hits Gorice's ghost but does no damage.
Your white imp hits Gorice's ghost but does no damage.
Gorice's ghost hits you!
Ouch! That really hurt!
You die...

# ###################
##<...............#
##.##.##.######...###
......##.# #....5..#
##.#####.# #...@5b.#
##... ..# #..##W###
###### ### ####...#
#...# ####### #...#
#.....# #.......#
#.....# #.........#
#.....# #....≈≈≈....#
##.....###...W≈≈≈≈...#


You could see Gorice's ghost, 2 friendly white imps and a friendly bat.

Vanquished Creatures
  A giant gecko (D:2)
  2 orcs (D:3)
  2 kobolds
  3 bats
8 creatures vanquished.

Vanquished Creatures (collateral kills)
  An ooze (D:2)
  A bat (D:1)
  2 giant cockroaches
  A goblin (D:1)
  2 kobolds (D:2)
7 creatures vanquished.

Vanquished Creatures (others)
  A quokka (D:2)
  A bat (D:2)
  3 rats (D:2)
5 creatures vanquished.

Grand Total: 20 creatures vanquished

Notes
Turn   | Place    | Note
--------------------------------------------------------------
     0 | D:1      | timbw, the Demigod Summoner, began the quest for the Orb.
     0 | D:1      | Reached XP level 1. HP: 14/14 MP: 3/3
   511 | D:3      | Reached skill level 4 in Summonings
   511 | D:3      | Reached XP level 2. HP: 14/20 MP: 0/4
   515 | D:3      | Learned a level 2 spell: Call Imp
   612 | D:3      | Noticed Jessica
   619 | D:3      | Noticed Gorice's ghost (average DsWn)
   628 | D:3      | Slain by Gorice's ghost

Action                   || total
-------------------------++-------
Melee: Short sword       ||    24
       Unarmed           ||    13
 Cast: Summon Small Mamm ||    20
       Call Imp          ||     2
Evoke: Wand              ||     1
  Use: Scroll            ||     3
 Stab: Distracted        ||     1
